 Dungeon Crawl Stone Soup version 0.29.1-15-g9cfb28693d (webtiles) character file.

Game seed: 11070825932175436874

6 Monarks the Firebug (level 2, -2/14 (26) HPs)
             Began as a Meteoran Cinder Acolyte on Apr 29, 2023.
             Was a High Priest of Ignis.
             Slain by a kobold
             ... wielding a +0 whip
              (5 damage)
             ... on level 1 of the Dungeon.
             The game lasted 00:02:33 (879 turns).

Monarks the Firebug (Meteoran Cinder Acolyte)        Turns: 879, Time: 00:02:34

HP:   -2/14 (26)    AC:  2    Str: 15    XL:     2   Next: 11%
MP:   5/5           EV: 11    Int: 15    God:    Ignis [*****.]
Gold: 11            SH:  0    Dex:  9    Spells: 3/3 levels left

rFire   + . .      SeeInvis .   a - -1 falchion (flame)
rCold   . . .      Faith    .   (no shield)
rNeg    . . .      Spirit   .   b - +0 robe
rPois   .          Reflect  .   (no helmet)
rElec   .          Harm     .   (no cloak)
rCorr   .          Rampage  .   (no gloves)
Will    .....                   (no boots)
Stlth   +.........              (no amulet)
HPRegen 0.04/turn               (no ring)
MPRegen 0.09/turn               (no ring)

@: glowing, very heavily drained
A: sense surroundings 1, otherworldly, glowing, explore regen
a: Renounce Religion, Fiery Armour, Foxfire Swarm, Rising Flame


You were on level 1 of the Dungeon.
You worshipped Ignis.
Ignis was extremely pleased with you.
You visited 1 branch of the dungeon, and saw 1 of its levels.

You collected 11 gold pieces.

Inventory:

Hand Weapons
 a - a -1 falchion of flaming (weapon)
Armour
 b - a +0 robe (worn)


   Skills:
 + Level 3.4 Fighting
 + Level 3.7 Long Blades
 + Level 1.4 Spellcasting
 + Level 3.8 Fire Magic


You had 3 spell levels left.
You didn't know any spells.
Your spell library contained the following spells:

 Spells                   Type           Power      Damage    Failure   Level
 Scorch                   Fire           24%        2d6       7%          2


Dungeon Overview and Level Annotations

Branches:
Dungeon (1/15) Zot: 118

Altars:


Innate Abilities, Weirdness & Mutations

You passively map a small area around you.
You are easily found by Zot.
You glow in the dark.
You regain HP and MP as you explore.


Message History

The bat hits you but does no damage. The bat hits you.
You hit the bat. You burn the bat.
You kill the bat!
You have reached level 2!
A bat comes into view.
You closely miss the bat. The bat hits you but does no damage.
The bat barely misses you. The bat hits you but does no damage.
You hit the bat. You burn the bat.
The bat is heavily wounded.
The bat closely misses you. The bat hits you but does no damage.
The bat hits you but does no damage. The bat hits you but does no damage.
The bat attacks as you move away! The bat barely misses you. x2
The bat closely misses you. The bat barely misses you.
The bat closely misses you. The bat hits you.
You see here 9 gold pieces.
Unknown command.
A frilled lizard and a kobold come into view.
Found a scroll labelled XEH VUTUEVAELECOV and a short sword.
The frilled lizard hisses angrily.
The kobold shouts!
The bat hits you but does no damage. The bat hits you but does no damage.
The bat closely misses you.
Unknown command.
The bat hits you but does no damage.
You see here 9 gold pieces.
You hit the bat. You burn the bat.
You kill the bat!
The kobold throws a stone.
The stone closely misses you. The kobold barely misses you.
You hit the kobold but do no damage.
The frilled lizard completely misses you.
The kobold hits you with a +0 whip.
* * * LOW HITPOINT WARNING * * *
You closely miss the kobold. The frilled lizard barely misses you.
The kobold hits you with a +0 whip.
You die...

* , , , , , ### * ....,
* .....#########
.............#
......K@.$...# ** * #
.......l.†...# , #.
.?...........# ,, #.#. *
*.............# , , #...
,
.)...........###+##.....
..................#.....
,
.....##+#####.....#####
, ..... #.†...# * * ,
*####'#######


You could see a kobold and a frilled lizard.

Vanquished Creatures
  2 jackals (D:1)
  A ball python (D:1)
  2 bats (D:1)
  A frilled lizard (D:1)
6 creatures vanquished.

Notes
Turn   | Place    | Note
-------+----------+-------------------------------------------
     0 | D:1      | Monarks the Meteoran Cinder Acolyte began the quest for the
                  | Orb.
     0 | D:1      | Reached XP level 1. HP: 19/19 MP: 3/3
   500 | D:1      | Glimpsed the power of Zot.
   550 | D:1      | Glimpsed the power of Zot.
   590 | D:1      | Glimpsed the power of Zot.
   599 | D:1      | Touched by the power of Zot.
   699 | D:1      | Glimpsed the power of Zot.
   749 | D:1      | Glimpsed the power of Zot.
   789 | D:1      | Glimpsed the power of Zot.
   799 | D:1      | Touched by the power of Zot.
   856 | D:1      | Reached XP level 2. HP: 5/13 MP: 5/5
   879 | D:1      | Slain by a kobold

Illustrated notes

Levels and vault maps discovered:
D:1:      wander_arrival_chamber, layout_basic,
          shapermc_ecumenical_altar_flowoftime, minmay_misc_feat_more_columns

Action                   || total
-------------------------++-------
Melee: Falchion          ||    23
Armor: Robe              ||    31
Dodge: Dodged            ||    40
